 Dungeon Crawl Stone Soup version 0.31.0-32-g396128a36d (webtiles) character file.

Game seed: 1902126602701047185

137 jagang the Slasher (level 5, -9/42 HPs)
             Began as a Human Monk on Mar 20, 2024.
             Mangled by Sigmund
             ... wielding a +0 scythe of distortion
              (23 damage)
             ... on level 4 of the Dungeon on Mar 21, 2024.
             The game lasted 00:05:17 (2213 turns).

jagang the Slasher (Human Monk)                     Turns: 2213, Time: 00:05:19

Health: -9/42      AC:  9    Str: 11    XL:     5   Next: 20%
Magic:  5/5        EV:  6    Int: 10    God:
Gold:   152        SH:  5    Dex: 18    Spells: 4/4 levels left

rFire   . . .        m - +0 long sword
rCold   . . .        g - +0 buckler
rNeg    . . .        o - +0 chain mail
rPois   .            (no helmet)
rElec   .            n - +0 cloak
rCorr   .            (no gloves)
SInv    .            (no boots)
Will    .....        (no amulet) Stlth
                     (no ring)
HPRegen 0.27/turn    (no ring)
MPRegen 0.09/turn

%: no passive effects
@: no status effects
A: explore regen
a: no special abilities


You were on level 4 of the Dungeon.
You visited 1 branch of the dungeon, and saw 4 of its levels.

You collected 152 gold pieces.

Inventory:

Hand Weapons
 m - a +0 long sword (weapon)
Missiles
 e - 5 boomerangs (quivered)
 s - 6 javelins
Armour
 d - an orb of light
 g - a +0 buckler (worn)
 k - a +0 kite shield
 n - a +0 cloak (worn)
 o - a +0 chain mail (worn)
Jewellery
 f - an amulet of faith
Wands
 a - a wand of mindburst (14)
Scrolls
 b - 2 scrolls of immolation
 h - a scroll of amnesia
 j - a scroll of enchant weapon
 l - a scroll of poison
 q - a scroll of enchant armour {unknown}
 t - a scroll of torment {unknown}
 u - a scroll of revelation {unknown}
Potions
 c - a potion of ambrosia
 i - a potion of invisibility {unknown}
 p - a potion of heal wounds {unknown}
 r - a potion of lignification {unknown}


   Skills:
 + Level 3.9 Fighting
 * Level 4.6 Long Blades
 + Level 0.0 Throwing
 - Level 3.0 Dodging
 + Level 1.8 Shields


You had 4 spell levels left.
You didn't know any spells.
Your spell library contained the following spells:

 Spells                   Type           Power      Damage    Failure   Level
 Apportation              Tloc           0%         N/A       100%        1
 Necrotise                Necr           0%         1d4       100%        1
 Sting                    Conj/Alch      0%         1d3       100%        1
 Summon Small Mammal      Summ           0%         N/A       100%        1
 Summon Blazeheart Golem  Fire/Summ      0%         N/A       100%        4
 Orb of Destruction       Conj           0%         9d5       100%        7
 Spellforged Servitor     Conj/Summ      0%         N/A       100%        7


Dungeon Overview and Level Annotations

Branches:
Dungeon (4/15)
 Temple: D:4-7

Altars:
Nemelex Xobeh

Annotations:
D:4 Sigmund


Innate Abilities, Weirdness & Mutations

You regain HP and MP as you explore.


Message History

There is a stone staircase leading down here.
Search for what [Enter for "D:3", or ? for help]?
D:3 You climb downwards.
There is a stone staircase leading up here.
Found a short sword.
Found a stone staircase leading up.
You open the door.
Found a stone staircase leading down.
There is an open door here.
You open the door.
Sigmund the Dreaded comes into view.
He is wielding a +0 scythe of distortion and wearing a +2 robe of willpower.
Found 18 gold pieces.
There is an open door here.
You close the door.
Something unseen opens the door.
You close the door.
Something unseen opens the door.
You block Sigmund's attack.
There is an open door here.
You hit Sigmund.
Sigmund is lightly wounded.
You barely miss Sigmund.
Sigmund is lightly wounded.
Sigmund points at you and mumbles some strange words.
You are confused.
Sigmund hits you but does no damage. Space warps around you.
You barely miss Sigmund.
Sigmund is lightly wounded.
Sigmund casts a spell at you. The magic dart hits you.
Unknown command.
Sigmund hits you from afar with a +0 scythe of distortion!
Space warps horribly around you!
You feel less confused.
An adder comes into view.
Sigmund hits you with a +0 scythe of distortion.
Space warps horribly around you!!
Ouch! That really hurt!
You die...
Sigmund begins carving another notch in his scythe.

#..$$.# ...#.....#..
..#######.S
........... ....#..#..
#+#########.........
..........#.........
..........'.@.......
.#######..#.@.......
##. #..#.........
#...##..#######...
+....>....# +
#...##....#
#...##....#
#.........#
...####'#######
###########...........


You could see Sigmund and an adder (wandering).

Vanquished Creatures
  5 adders
  An adder zombie (D:2)
  3 dart slugs (D:1)
  2 ribbon worms (D:2)
  5 orcs (D:3)
  11 ball pythons
  2 endoplasms
  4 giant cockroaches
  5 goblins
  7 hobgoblins
  7 quokkas
  4 bats
  3 frilled lizards
  3 kobolds
  11 rats
73 creatures vanquished.

Notes
Turn   | Place    | Note
-------+----------+-------------------------------------------
     0 | D:1      | jagang the Human Monk began the quest for the Orb.
     0 | D:1      | Reached XP level 1. HP: 18/18 MP: 1/1
    44 | D:1      | Reached XP level 2. HP: 19/24 MP: 2/2
   137 | D:1      | Found a faded altar of an unknown god.
   252 | D:1      | Reached XP level 3. HP: 29/29 MP: 3/3
   670 | D:2      | Reached skill level 1 in Shields
   730 | D:2      | Reached skill level 4 in Long Blades
   835 | D:2      | Reached XP level 4. HP: 23/35 MP: 4/4
  1643 | D:3      | Found a sparkling altar of Nemelex Xobeh.
  1874 | D:3      | Reached XP level 5. HP: 41/42 MP: 5/5
  2198 | D:4      | Noticed Sigmund
  2213 | D:4      | Mangled by Sigmund

Illustrated notes

Levels and vault maps discovered:
D:1:      dpeg_arrival_simpleton_b, layout_basic,
          chequers_ecumenical_altar_simple_redux
D:2:      layout_loops_ring, serial_undead, serial_undead_d, serial_undead_b,
          serial_undead_a, serial_undead_e, minmay_rat_gold_closets
D:3:      layout_rooms, lemuel_doored_altar, dk_vineyard_2
D:4:      layout_gridville, amcnicky_altar_gilded, temple_hall,
          kennysheep_generic_room_16, uniq_sigmund

Skill      XL: |  1  2  3 |
---------------+----------+-----
Shields        | 1 |  1.8
Long Blades    | 4 |  4.6
Fighting       | |  3.9
Dodging        | |  3.0

Action                     |  1- 3 |  4- 6 || total
---------------------------+-------+-------++-------
  Melee: Falchion          |    83 |    17 ||   100
         Long sword        |       |    87 ||    87
    Use: Scroll            |       |     4 ||     4
   Stab: Sleeping          |       |     1 ||     1
 Armour: Robe              |    15 |       ||    15
         Ring mail         |    21 |    21 ||    42
         Chain mail        |       |    45 ||    45
  Dodge: Dodged            |    47 |    45 ||    92
  Block: Buckler           |       |    17 ||    17
